 Dungeon Crawl Stone Soup version 0.27-a0-1525-g1038ab4fd7 (webtiles) character file.

Game seed: 117657169399024097

410 Sin92 the Skirmisher (level 6, -3/48 HPs)
             Began as a Demonspawn Fighter on July 10, 2021.
             Slain by Menkaure (14 damage)
             ... on level 4 of the Dungeon.
             The game lasted 00:03:50 (3142 turns).

Sin92 the Skirmisher (Demonspawn Fighter)           Turns: 3142, Time: 00:03:51

Health: -3/48      AC: 15    Str: 14 (16) XL:     6   Next: 58%
Magic:  6/6        EV:  4    Int:  8 (9)  God:
Gold:   145        SH:  9    Dex: 14 (15) Spells: 5/5 levels left

rFire    . . .     SeeInvis .   a - +1 long sword (freeze)
rCold    . . .     Faith    .   c - +0 kite shield
rNeg     . . .     Spirit   .   f - +0 chain mail
rPois    .         Reflect  .   (no helmet)
rElec    .         Harm     .   (no cloak)
rCorr    .         Rampage  .   j - +2 pair of gloves
Will     .....                  (no boots)
Stlth    ..........             (no amulet)
HPRegen  0.16/turn              (no ring)
MPRegen  0.20/turn              (no ring)

@: mighty, lethally poisoned (-3 -> -15)
A: claws 1, slimy green scales 2, magic regeneration
a: no special abilities


You were on level 4 of the Dungeon.
You visited 1 branch of the dungeon, and saw 4 of its levels.

You collected 145 gold pieces.

Inventory:

Hand Weapons
 a - a +1 long sword of freezing (weapon)
Armour
 b - a +0 scale mail
 c - a +0 kite shield (worn)
 f - a +0 chain mail (worn)
 j - a +2 pair of gloves (worn)
Scrolls
 e - a scroll of magic mapping
 g - a scroll of identify
 k - a scroll of vulnerability


   Skills:
 + Level 4.1 Fighting
 * Level 4.0 Long Blades
 + Level 3.6 Armour
 + Level 2.1 Dodging
 + Level 3.6 Shields


You had 5 spell levels left.
You didn't know any spells.
Your spell library was empty.

Dungeon Overview and Level Annotations

Branches:
Dungeon (4/15)
 Temple: D:4-7

Altars:
Cheibriados
Vehumet

Annotations:
D:4 Menkaure


Innate Abilities, Weirdness & Mutations

You have sharp fingernails.
You are mostly covered in slimy green scales. (AC +3)
You regenerate magic rapidly.


Message History

You block the scorpion's attack.
Unknown command.
You hit the scorpion. You freeze the scorpion.
The scorpion is moderately wounded.
The scorpion stings you.
Unknown command.
You closely miss the scorpion.
The scorpion is moderately wounded.
You block the scorpion's attack. x2
Unknown command.
You closely miss the scorpion.
The scorpion is moderately wounded.
The scorpion stings you but does no damage.
Menkaure hits you.
The scorpion stings you but does no damage.
Unknown command.
You hit the scorpion but do no damage.
The scorpion is moderately wounded.
The scorpion stings you but does no damage.
Menkaure hits you. The scorpion stings you.
You are poisoned.
The scorpion poisons you!
Unknown command.
You slash the scorpion! You freeze the scorpion.
The scorpion is severely wounded.
You feel very sick. Menkaure barely misses you. The scorpion stings you!
You block Menkaure's attack.
You feel very mighty all of a sudden.
You feel sick. The scorpion stings you!
You are more poisoned.
The scorpion poisons you! You block the scorpion's attack.
Unknown command.
You slash Menkaure! You freeze Menkaure.
Menkaure is heavily damaged.
You feel very sick. Menkaure barely misses you. The scorpion stings you.
* * * LOW HITPOINT WARNING * * *
Menkaure hits you!
You die...

.# #.# #. .# #.##.. ##
#.##.# # # #>##.# .#
###.##.### ...
##....#...####.#..
#######..........#......
....##...........M.<>#
###.............@s##
####............#
....P[.8.....##
...#....P........
...##.....#..####
...........##...
#.....####.#######
.!###. #.# #/


You could see Menkaure and a scorpion.

Vanquished Creatures
  Grinder (D:3)
  A bullfrog zombie (D:4)
  A scorpion zombie (D:4)
  A hound zombie (D:4)
  A hound skeleton (D:4)
  5 adders
  2 adder skeletons (D:4)
  2 worms (D:3)
  2 dart slugs (D:3)
  5 ball pythons
  5 bats
  5 endoplasms
  A giant cockroach (D:1)
  5 goblins
  4 hobgoblins
  7 jackals
  4 quokkas
  6 frilled lizards
  2 kobolds (D:3)
  7 rats
67 creatures vanquished.

Vanquished Creatures (collateral kills)
  A ball python (D:3)
1 creature vanquished.

Vanquished Creatures (others)
  A withered plant (D:4)
1 creature vanquished.

Grand Total: 69 creatures vanquished

Notes
Turn   | Place    | Note
-------+----------+-------------------------------------------
     0 | D:1      | Sin92 the Demonspawn Fighter began the quest for the Orb.
     0 | D:1      | Reached XP level 1. HP: 18/18 MP: 1/1
   315 | D:1      | Found a faded altar of an unknown god.
   484 | D:1      | Gained mutation: You regenerate magic rapidly. [demonic
                  | ancestry]
   484 | D:1      | Reached XP level 2. HP: 12/24 MP: 2/2
  1484 | D:2      | Gained mutation: You are partially covered in slimy green
                  | scales. (AC +2) [demonic ancestry]
  1484 | D:2      | Reached XP level 3. HP: 28/29 MP: 3/3
  1943 | D:2      | Reached skill level 1 in Dodging
  2058 | D:2      | Found a snail-covered altar of Cheibriados.
  2170 | D:3      | Found a radiant altar of Vehumet.
  2183 | D:3      | Reached XP level 4. HP: 31/35 MP: 4/4
  2269 | D:3      | Noticed Grinder
  2288 | D:3      | Killed Grinder
  2289 | D:3      | Gained mutation: You are mostly covered in slimy green
                  | scales. (AC +3) [demonic ancestry]
  2289 | D:3      | Reached XP level 5. HP: 17/42 MP: 5/5
  2289 | D:3      | Gained mutation: You have sharp fingernails. [demonic
                  | ancestry]
  2289 | D:3      | Reached XP level 6. HP: 19/48 MP: 6/6
  3132 | D:4      | Noticed Menkaure
  3142 | D:4      | Slain by Menkaure

Illustrated notes

Levels and vault maps discovered:
D:1:      lightli_arrival_statue_moat, layout_basic, basic_ecumenical_altar,
          serial_glass, glass_columns_a, glass_columns_a, glass_columns_a,
          glass_columns_a, glass_columns_b, glass_columns_b, serial_bayou_ford_a
D:2:      layout_basic, basic_altar, kennysheep_generic_room_13
D:3:      layout_rooms, vehumet_crystals, uniq_grinder
D:4:      layout_rooms, chequers_temple_overflow_statue_of_worship,
          temple_pool_b, serial_undead, serial_undead_c, serial_undead_e,
          serial_undead_a, serial_undead_f, serial_undead_a, serial_undead_f,
          serial_undead_f, guppyfry_early_lair_pool, uniq_menkaure

Skill      XL: |  1  2  3  4  5  6 |
---------------+-------------------+-----
Long Blades    | 2 3 4 |  4.0
Armour         | 3 |  3.6
Shields        | 3 |  3.6
Dodging        | 1 2 |  2.1
Fighting       | 4 |  4.1

Action                   |  1- 3 |  4- 6 || total
-------------------------+-------+-------++-------
Melee: Long sword        |   121 |   130 ||   251
  Use: Scroll            |     2 |     5 ||     7
       Potion            |       |     6 ||     6
Armor: Scale mail        |    11 |       ||    11
       Chain mail        |   104 |   123 ||   227
Dodge: Dodged            |    40 |    37 ||    77
Block: Kite shield       |    82 |    77 ||   159
       Rpst.: Long sword |    13 |    10 ||    23

Table legend: (Time is in decaauts)
 A = Elapsed time spent in this place.
 B = Non-inter-level travel time spent in this place.
 C = Inter-level travel time spent in this place.
 D = Time resting spent in this place.
 E = Time spent auto-exploring this place.
 F = Levels seen in this place.
 G = Mean time per level.
                   A        B        C        D        E       F      G
               +--------+--------+--------+--------+--------+-----+--------+
         Total |   3258 |   3135 |    123 |    355 |   2120 |   4 |  814.5 |
       Dungeon |   3258 |   3135 |    123 |    355 |   2120 |   4 |  814.5 |
               +--------+--------+--------+--------+--------+-----+--------+

Top non-repeatable levels by time:
     D:1: 1438 daAuts
     D:2: 801 daAuts
     D:3: 674 daAuts
     D:4: 344 daAuts
